 Dungeon Crawl Stone Soup version 0.19-a0-1882-gbb73ea0 (console) character file.

1535 brucemayne the Cleaver (level 8, -1/66 HPs)
             Began as a Hill Orc Monk on Oct 14, 2016.
             Slain by a troll (4 damage)
             ... on level 7 of the Dungeon.
             The game lasted 00:11:25 (2356 turns).

brucemayne the Cleaver (Hill Orc Monk)              Turns: 2356, Time: 00:11:26

Health: -1/66      AC: 13    Str: 19    XL:     8   Next: 86%
Magic:  8/8        EV:  6    Int: 10    God:
Gold:   63         SH:  4    Dex: 13    Spells: 0 memorised, 7 levels left

rFire  . . .     SeeInvis +     i - +1 war axe
rCold  . . .     Gourm    .     y - +0 plate armour
rNeg   . . .     Faith    .     (no shield)
rPois  .         Spirit   .     q - +0 helmet
rElec  .         Dismiss  .     (no cloak)
rCorr  .         Reflect  .     v - +0 pair of gloves {Str+3}
MR     +....     Harm     .     h - +0 pair of boots
Stlth  ..........               (no amulet)
                                (no ring)
                                (no ring)

@: no status effects
A: large bone plates 1, see invisible, magic resistance 1, MP-powered wands
a: no special abilities


You were on level 7 of the Dungeon.
You were not hungry.

You visited 1 branch of the dungeon, and saw 8 of its levels.

You collected 121 gold pieces.
You spent 58 gold pieces at shops.

Inventory:

Hand Weapons
 a - a +0 hand axe
 d - a +2 whip of electrocution
 i - a +1 war axe (weapon)
 m - a +1 flail of venom
Missiles
 e - 20 tomahawks (quivered)
 g - 7 javelins
Armour
 b - a +0 robe
 h - a +0 pair of boots (worn)
 n - a +0 chain mail
 q - a +0 helmet (worn)
 v - a +0 pair of gloves of strength (worn)
 y - a +0 plate armour (worn)
 z - a +0 buckler
 A - a +0 buckler
Jewellery
 j - an uncursed ring of fire
Wands
 r - a wand of flame (36/48)
Scrolls
 k - 2 scrolls of identify
 s - a scroll of remove curse
 t - a scroll of teleportation
 u - 2 scrolls of noise
Potions
 l - a potion of heal wounds {unknown}
 w - a potion of brilliance {unknown}
Books
 B - a book of Cantrips

   Spells                             Type                      Level
   a - Confusing Touch                Hexes                        1
   b - Animate Skeleton               Necromancy                   1
   c - Summon Small Mammal            Summoning                    1
   d - Apportation                    Translocation                1
Comestibles
 c - 3 bread rations
 f - a meat ration
 p - a mutagenic chunk of flesh
 x - a royal jelly


   Skills:
 + Level 4.0 Fighting
 - Level 13.7 Axes
 - Level 2.4 Dodging
 - Level 1.5 Stealth
 + Level 1.2 Shields


You had 7 spell levels left.
You didn't know any spells.

Dungeon Overview and Level Annotations

Branches:
Dungeon (8/15)
 Temple: D:4-7         Lair: D:8-11

Altars:

Shops:
D:8 [

Annotations:
D:3 Purgy
D:4 exclusion: downstairs
D:7 exclusion: upstairs


Innate Abilities, Weirdness & Mutations

You are partially covered in large bone plates. (SH +4)
You have supernaturally acute eyesight. (SInv)
You are resistant to hostile enchantments. (MR+)
You expend magic power (3 MP) to strengthen your wands.


Message History

The centaur is lightly wounded.
The centaur hits you.
* * * LOW HITPOINT WARNING * * *
Okay, then.
You slash the centaur!
The centaur is severely wounded.
The centaur hits you but does no damage. x2
You hit the centaur.
The centaur is almost dead.
The centaur hits you.
* * * LOW HITPOINT WARNING * * *
You slash the centaur!
You kill the centaur!
Your Fighting skill increases to level 4!
Your Shields skill increases to level 1!
You see here 2 arrows.
The troll bites you!
* * * LOW HITPOINT WARNING * * *
The troll claws you.
You die...

....c##.##..(..).#.#.....####
....T....#.#####.#.##.#.....#
###.#.#.c......#(#.......##.#
###T#.##.##.##.#.####.#.....#
.........##.##.#.#....#.....#
...<........##.#.#.####.....#
#...........##.#.#..........####.
###.#.......##.#T#####...........
............##.#@# #.....######
###.##.....###.#.#####...........
###.#......# #.#..........######.
.)..#......# #.#........^........
#####.#+#### #.#.########.#######
#.# ### ##.#.# #.# #o# #.. .#.#.#
#.# #.# #.##.#.#.# #.# #####.#
#.<..#.# ######.#


You could see a troll.

Vanquished Creatures
  Menkaure (D:6)
  A black bear (D:6)
  A sky beast (D:6)
  3 orc warriors
  2 centaurs
  A necrophage (D:7)
  A scorpion (D:4)
  3 crimson imps
  A centaur zombie (D:6)
  A bullfrog skeleton (D:6)
  2 orc priests (D:6)
  A centaur skeleton (D:6)
  3 hounds
  3 orc wizards (D:6)
  Jessica (D:3)
  Ijyb (D:3)
  2 worker ants
  A hound skeleton (D:7)
  A gnoll (D:4)
  6 adders
  An adder zombie (D:7)
  A dart slug (D:2)
  A worm (D:2)
  A leopard gecko (D:1)
  15 orcs
  7 bats
  4 goblins
  5 hobgoblins
  4 jackals (D:1)
  3 frilled lizards (D:1)
  2 kobolds
  6 rats
86 creatures vanquished.

Notes
Turn   | Place    | Note
-------+----------+-------------------------------------------
     0 | D:1      | brucemayne the Hill Orc Monk began the quest for the Orb.
     0 | D:1      | Reached XP level 1. HP: 19/19 MP: 1/1
    71 | D:1      | Reached XP level 2. HP: 13/26 MP: 2/2
   206 | D:1      | Reached skill level 5 in Axes
   330 | D:2      | Reached XP level 3. HP: 5/31 MP: 3/3
   707 | D:2      | Reached skill level 6 in Axes
   733 | D:2      | Reached XP level 4. HP: 29/39 MP: 4/4
   806 | D:3      | Noticed Jessica
   811 | D:3      | Killed Jessica
   869 | D:3      | Noticed Purgy
  1023 | D:3      | Noticed Ijyb
  1029 | D:3      | Killed Ijyb
  1029 | D:3      | Reached skill level 7 in Axes
  1036 | D:3      | Reached XP level 5. HP: 30/45 MP: 5/5
  1109 | D:5      | Entered Level 5 of the Dungeon
  1113 | D:5      | Noticed an ogre
  1170 | D:4      | Reached skill level 8 in Axes
  1234 | D:5      | Noticed an ogre
  1283 | D:4      | Reached XP level 6. HP: 45/51 MP: 6/6
  1423 | D:6      | Reached skill level 9 in Axes
  1432 | D:6      | Noticed a black bear
  1485 | D:6      | Killed a black bear
  1617 | D:7      | Reached skill level 10 in Axes
  1617 | D:7      | Reached XP level 7. HP: 38/57 MP: 7/7
  1831 | D:7      | Reached skill level 11 in Axes
  1846 | D:8      | Found Idaloo Pobau's Armour Shop.
  1888 | D:8      | Bought a +0 buckler for 58 gold pieces
  1907 | D:7      | Noticed a troll
  1937 | D:6      | Noticed Menkaure
  1945 | D:6      | Killed Menkaure
  1945 | D:6      | Reached skill level 12 in Axes
  1945 | D:6      | Reached XP level 8. HP: 60/64 MP: 8/8
  2076 | D:6      | Reached skill level 13 in Axes
  2136 | D:6      | Gained mutation: You are resistant to hostile enchantments. (MR+) [mutagenic meat]
  2139 | D:6      | Gained mutation: You expend magic power (3 MP) to strengthen your wands. [mutagenic meat]
  2142 | D:6      | Gained mutation: You have supernaturally acute eyesight. (SInv) [mutagenic meat]
  2154 | D:6      | Gained mutation: You are partially covered in large bone plates. (SH +4) [mutagenic meat]
  2349 | D:7      | Reached skill level 1 in Shields
  2356 | D:7      | HP: 3/66 [troll (9)]
  2356 | D:7      | Slain by a troll

Vault maps used:
D:1:      mainiacjoe_arrival_reflecting_pool, minmay_vboxes
D:3:      nicolae_overflow_crystal_walls, first_bread, uniq_sigmund, uniq_iyjb,
          uniq_purgy, uniq_jessica
D:4:      serial_shops, shop, nicolae_shop_trees, uniq_robin
D:5:      makhleb_grotto_becter, grunt_dithmenos_smoke, kennysheep_mini,
          hangedman_minor_gate_pass
D:6:      fountainhead, uniq_menkaure
D:8:      lemuel_round_altar, serial_shops, shop, nicolae_shop_statue_plus,
          kennysheep_little_box, shop

Skill      XL: |  1  2  3  4  5  6  7  8 |
---------------+-------------------------+-----
Axes           | 5 6 7 8 10 12 13 | 13.7
Fighting       | 4 |  4.0
Shields        | 1 |  1.2
Dodging        | |  2.4
Stealth        | |  1.5

Action                   |  1- 3 |  4- 6 |  7- 9 || total
-------------------------+-------+-------+-------++-------
Melee: Hand axe          |   123 |    30 |       ||   153
       Whip              |       |    63 |    35 ||    98
       War axe           |       |    22 |   111 ||   133
  Use: Scroll            |       |     6 |     3 ||     9
       Potion            |       |     1 |     7 ||     8
 Stab: Sleeping          |     2 |       |       ||     2
  Eat: Chunk             |       |     2 |     7 ||     9
Armor: Robe              |    12 |       |       ||    12
       Chain mail        |    24 |   106 |    13 ||   143
       Skin              |       |       |    22 ||    22
       Plate armour      |       |       |    57 ||    57
Dodge: Dodged            |    87 |    48 |    37 ||   172
Block: Other             |       |       |     3 ||     3
